 Seeded DCSS version 0.30-a0-1075-gcd70e7a56d (webtiles) character file.

Game seed: 6076739639207038841 (custom seed)

9562 bmack86 the Cleaver (level 11, -3/97 HPs)
             Began as a Minotaur Fighter on Apr 14, 2023.
             Slain by a wyvern (10 damage)
             ... on level 10 of the Dungeon.
             The game lasted 00:23:36 (11171 turns).

bmack86 the Cleaver (Minotaur Fighter)             Turns: 11171, Time: 00:23:37

Health: -3/97      AC: 18    Str: 25    XL:     11   Next: 24%
Magic:  10/10      EV:  7    Int:  5    God:
Gold:   581        SH:  6    Dex: 10    Spells: 10/10 levels left

rFire   . . .      SeeInvis .    v - +1 broad axe
rCold   . . .      Faith    .    c - +0 buckler
rNeg    . . .      Spirit   .    D - +0 plate armour
rPois   .          Reflect  .    (helmet restricted)
rElec   .          Rampage  .    (no cloak)
rCorr   .                        C - +0 pair of gloves
Will    .....                    q - +1 pair of boots Stlth
                                 (no amulet)
HPRegen 0.36/turn                (no ring)
MPRegen 0.12/turn                (no ring)

@: no status effects
A: horns 2, retaliatory headbutt
a: no special abilities


You were on level 10 of the Dungeon.
You visited 2 branches of the dungeon, and saw 11 of its levels.
You also visited: Sewer.

You collected 872 gold pieces.
You spent 291 gold pieces at shops.

Inventory:

Hand Weapons
 a - a +0 war axe
 n - a +3 war axe of freezing
 v - a +1 broad axe (weapon)
Missiles
 h - 26 poisoned darts
 m - 7 boomerangs (quivered)
 p - 5 silver javelins
 y - 3 javelins
 A - 3 throwing nets
Armour
 c - a +0 buckler (worn)
 i - a +0 chain mail
 q - a +1 pair of boots (worn)
 u - a +2 scale mail of willpower
 C - a +0 pair of gloves (worn)
 D - a +0 plate armour (worn)
Jewellery
 b - a ring of positive energy
 j - a ring of ice
Wands
 x - a wand of charming (9)
 E - a wand of roots (4)
Scrolls
 d - 3 scrolls of blinking
 g - 10 scrolls of teleportation
 l - 2 scrolls of magic mapping
 r - a scroll of amnesia
 w - 2 scrolls of immolation
 F - 2 scrolls of identify
 G - 2 scrolls of fear
Potions
 e - 5 potions of heal wounds
 f - 2 potions of cancellation
 k - 8 potions of flight
 o - 4 potions of attraction
 s - a potion of berserk rage
 t - 2 potions of resistance
 z - 2 potions of haste
 B - 3 potions of curing


   Skills:
 + Level 9.5 Fighting
 * Level 12.6 Axes
 + Level 6.7 Throwing
 + Level 9.4 Armour
 + Level 9.6 Shields


You had 10 spell levels left.
You didn't know any spells.
Your spell library contained the following spells:

 Spells                   Type           Power      Damage    Failure   Level
 Sandblast                Erth           0%         2d4       100%        1
 Cigotuvi's Dreadful Rot  Necr/Pois/Air  0%         N/A       100%        2
 Passwall                 Tmut/Erth      0%         N/A       100%        2
 Stone Arrow              Conj/Erth      0%         3d7       100%        3
 Vhi's Electric Charge    Tloc/Air       0%         N/A       100%        3
 Dispel Undead            Necr           0%         3d6       100%        4
 Arcjolt                  Conj/Air       0%         1d10      100%        5
 Death Channel            Necr           0%         N/A       100%        6
 Maxwell's Capacitive Co  Air            0%         ∞         100%        8


Dungeon Overview and Level Annotations

Branches:
Dungeon (10/15)            Temple (1/1) D:7           Sewer (visited)
   Lair: D:8-11         Orc: D:9-12

Altars:
Ashenzari
Cheibriados
Dithmenos
Elyvilon
Fedhas
Gozag
Hepliaklqana
Kikubaaqudgha
Makhleb
Nemelex Xobeh
Qazlal
Ru
Trog
Uskayaw
Vehumet
Wu Jian
Xom
Yredelemnul
Zin
The Shining One

Shops:
D:3 !*   D:4 *   D:8 =

Annotations:
D:5 1 runed translucent door, mandarbmax's ghost, novice TeAE
D:6 1 runed translucent door, Pimp's ghost, novice AtFi
D:9 exclusion: obsidian statue


Innate Abilities, Weirdness & Mutations

You have a pair of horns on your head.
You reflexively headbutt those who attack you in melee.


Message History

A wyvern comes into view.
The wyvern hisses angrily.
You hit the komodo dragon but do no damage.
Your headbutt misses the komodo dragon.
A basilisk comes into view.
You block the komodo dragon's attack.
You slash the komodo dragon! Your headbutt misses the komodo dragon.
The komodo dragon is moderately wounded.
The komodo dragon barely misses you.
You hit the komodo dragon.
You headbutt the komodo dragon, but do no damage.
The komodo dragon is moderately wounded.
You barely miss the troll. The troll bites you!
The troll claws you but does no damage. x2
You block the komodo dragon's attack.
You hit the komodo dragon but do no damage.
The komodo dragon is moderately wounded.
You barely miss the steam dragon. You barely miss the troll.
The steam dragon bites you but does no damage.
The steam dragon claws you but does no damage.
You block the troll's attack. The troll claws you.
You block the troll's attack. The komodo dragon bites you!!
You slash the komodo dragon!
The komodo dragon is severely wounded.
You hit the steam dragon. You slash the troll!
The steam dragon barely misses you. You furiously retaliate!
You headbutt the steam dragon! The steam dragon claws you. The troll bites you!
You block the troll's attack. The troll claws you.
The komodo dragon bites you!!
* * * LOW HITPOINT WARNING * * *
You hit the komodo dragon. You headbutt the komodo dragon!
You kill the komodo dragon!
You slash the steam dragon! You barely miss the troll.
You block the troll's attack. The troll claws you!
* * * LOW HITPOINT WARNING * * *
The troll claws you but does no damage. The steam dragon bites you!
* * * LOW HITPOINT WARNING * * *
The steam dragon claws you but does no damage.
The wyvern bites you!
You die...

#### #..## ## ##
#...#### #.#..#
###....## #...#.. #
#.####.##D.?..#. #######
#.#####.@ll[....
..##..###......).T..#...
.....###..†......####
##.........###.#.#
#.########.#..##. ###
#### ##


You could see a troll, a basilisk, a steam dragon and a wyvern.

Vanquished Creatures
  A tengu warrior (D:9)
  A two-headed ogre (D:9)
  A centaur warrior (D:9)
  A skeletal warrior (D:9)
  Joseph (D:8)
  A komodo dragon (D:10)
  A troll (D:9)
  A hornet (D:7)
  A wind drake (shapeshifter) (D:9)
  A shadow (D:10)
  Eustachio (D:6)
  2 wyverns
  6 yaks (D:8)
  A vampire mosquito (D:9)
  A basilisk (D:10)
  3 steam dragons
  4 water moccasins
  Duvessa (D:6)
  2 orc warriors
  2 black bears
  2 ice beasts
  5 centaurs
  A phantom (D:6)
  Blork the orc (D:6)
  4 bullfrogs
  4 gnoll sergeants
  2 kobold brigands (D:8)
  4 scorpions
  12 wights
  Dowan (D:6)
  7 killer bees
  A hound (D:6)
  A jelly (D:6)
  2 sleepcaps
  4 iguanas
  3 orc wizards
  Natasha (thrice) (D:2)
  A malarious merfolk avatar (Sewer)
  A sickly merfolk siren (Sewer)
  19 gnolls
  12 adders
  2 river rats (Sewer)
  A shadow imp (D:8)
  3 white imps
  An ufetubus (D:7)
  A worm (D:2)
  4 dart slugs
  29 orcs
  4 bats
  10 endoplasms
  2 giant cockroaches
  9 goblins
  5 hobgoblins
  14 kobolds
  10 quokkas
  12 ball pythons
  16 frilled lizards
  24 rats
270 creatures vanquished.

Vanquished Creatures (others)
  A bush (D:8)
1 creature vanquished.

Grand Total: 271 creatures vanquished

Notes
Turn   | Place    | Note
-------+----------+-------------------------------------------
     0 | D:1      | bmack86 the Minotaur Fighter began the quest for the Orb.
     0 | D:1      | Reached XP level 1. HP: 19/19 MP: 0/0
    57 | D:1      | Reached XP level 2. HP: 23/27 MP: 1/1
   115 | D:1      | Reached skill level 3 in Axes
   576 | D:1      | Reached XP level 3. HP: 33/33 MP: 2/2
   980 | D:2      | Noticed Natasha
   989 | D:2      | Killed Natasha
  1034 | D:2      | Noticed Natasha
  1045 | D:2      | Killed Natasha
  1046 | D:2      | Reached XP level 4. HP: 35/40 MP: 3/3
  1109 | D:2      | Reached skill level 4 in Axes
  1328 | D:2      | Noticed Natasha
  1335 | D:2      | Killed Natasha
  1486 | D:2      | Reached XP level 5. HP: 46/47 MP: 4/4
  1788 | D:3      | Found a faded altar of an unknown god.
  1873 | D:3      | Found Imuev's Distillery.
  1901 | D:3      | Bought a potion of degeneration for 11 gold pieces
  1901 | D:3      | Bought a potion of curing for 33 gold pieces
  2212 | D:3      | Found Qegeops's General Store.
  2233 | D:3      | Bought a potion of heal wounds for 55 gold pieces
  2559 | D:3      | Found a hazy altar of Hepliaklqana.
  2563 | D:3      | Found a sparkling altar of Nemelex Xobeh.
  2637 | D:4      | Found Wazinyrph's Assorted Antiques.
  2694 | D:4      | Found a glowing drain.
  2698 | Sewer    | Entered a sewer
  2793 | Sewer    | Reached skill level 5 in Axes
  2851 | Sewer    | Reached XP level 6. HP: 53/53 MP: 5/5
  2933 | Sewer    | Reached skill level 1 in Throwing
  2938 | Sewer    | Reached skill level 5 in Shields
  3003 | D:4      | Bought a scroll labelled PIL PEGHUHI for 24 gold pieces
  3003 | D:4      | Bought a shiny scale mail for 168 gold pieces
  3211 | D:4      | Noticed an ice beast
  3220 | D:4      | Killed an ice beast
  3221 | D:4      | Reached skill level 5 in Fighting
  3221 | D:4      | Reached skill level 5 in Armour
  3450 | D:4      | Found a white marble altar of Elyvilon.
  3455 | D:4      | Found a radiant altar of Vehumet.
  3716 | D:5      | Entered Level 5 of the Dungeon
  3805 | D:5      | Reached skill level 6 in Axes
  3805 | D:5      | Reached XP level 7. HP: 38/61 MP: 6/6
  4094 | D:5      | Found a runed translucent door.
  4094 | D:5      | Noticed mandarbmax's ghost (novice TeAE)
  4688 | D:6      | Noticed Duvessa
  4688 | D:6      | Noticed Dowan
  4704 | D:6      | Killed Duvessa
  5172 | D:6      | Killed Dowan
  5173 | D:6      | Reached skill level 7 in Axes
  5225 | D:6      | Reached XP level 8. HP: 19/70 MP: 7/7
  5302 | D:6      | Noticed Eustachio
  5315 | D:6      | Killed Eustachio
  5565 | D:6      | Found a runed translucent door.
  5568 | D:6      | Noticed Pimp's ghost (novice AtFi)
  5649 | D:6      | Reached skill level 8 in Axes
  5649 | D:6      | Noticed Blork the orc
  5659 | D:6      | Killed Blork the orc
  6324 | D:7      | Reached XP level 9. HP: 72/78 MP: 8/8
  6560 | D:7      | Reached skill level 9 in Axes
  6672 | D:7      | Found a staircase to the Ecumenical Temple.
  6682 | Temple   | Entered the Ecumenical Temple
  7216 | D:8      | Found Liheog's Jewellery Shoppe.
  7236 | D:8      | Reached skill level 10 in Axes
  7428 | D:8      | Reached skill level 5 in Throwing
  7794 | D:8      | Reached XP level 10. HP: 47/88 MP: 9/9
  7799 | D:8      | Noticed Joseph
  8111 | D:8      | Killed Joseph
  8831 | D:8      | Reached skill level 11 in Axes
  9103 | D:9      | Noticed a two-headed ogre
  9114 | D:9      | Killed a two-headed ogre
  9598 | D:9      | Noticed a skeletal warrior
  9599 | D:9      | Noticed a tengu warrior
  9612 | D:9      | Killed a skeletal warrior
  9613 | D:9      | Reached skill level 12 in Axes
  9618 | D:9      | Killed a tengu warrior
  9927 | D:9      | Reached XP level 11. HP: 85/97 MP: 10/10
  9930 | D:9      | Noticed an obsidian statue
 10236 | D:10     | Entered Level 10 of the Dungeon
 10240 | D:10     | Noticed a centaur warrior
 10681 | D:9      | Killed a centaur warrior
 11171 | D:10     | Slain by a wyvern

Illustrated notes

Levels and vault maps discovered:
D:1:      saegor_arrival_simple_c, layout_loops_corners
D:2:      minmay_spotlight, layout_rooms, minmay_pentomino_s2, uniq_natasha
D:3:      layout_loops_corners, nicolae_overflow_hidden_temple, serial_shops,
          nicolae_shop_statue_plus, shop, shapermc_ecumenical_altar_venn
D:4:      layout_basic, minitemple, serial_shops, shop, gup_sewer_entry_bowl
D:5:      layout_basic, hellmonk_ghost_happy_afterlife
D:6:      layout_cave_pools, ebering_ghost_reflecting_pool, uniq_blork_the_orc,
          uniq_eustachio, uniq_duvessa
D:7:      hellmonk_crumbling_castle, layout_gridville,
          minmay_temple_entry_poolview
D:8:      layout_basic, serial_shops, shop_fountains, kb_lookout_dungeons_type,
          uniq_joseph
D:9:      minmay_cornered_nines, layout_layer_cave, hex_large, st_stairs_5,
          minivault_15
D:10:     layout_big_octagon, erik_lair_dragon, orc_david_3
Temple:   nicolae_temple_slightly_damp_pantheon

Skill      XL: |  1  2  3  4  5  6  7  8  9 10 |
---------------+-------------------------------+-----
Axes           | 3 4 5 6 7 8 10 12 | 12.6
Fighting       | 4 5 6 8 9 |  9.5
Armour         | 4 5 6 7 9 |  9.4
Shields        | 4 5 6 7 8 9 |  9.6
Throwing       | 1 2 4 5 6 |  6.7

Action                     |  1- 3 |  4- 6 |  7- 9 | 10-12 || total
---------------------------+-------+-------+-------+-------++-------
  Melee: War axe           |    57 |   213 |    85 |       ||   355
         Headbutt          |     9 |    21 |    45 |    34 ||   109
         Broad axe         |       |       |   130 |   169 ||   299
  Throw: Dart              |       |       |    20 |       ||    20
         Javelin           |       |       |     3 |       ||     3
         Boomerang         |       |       |     6 |    29 ||    35
    Use: Scroll            |     1 |    10 |     7 |     4 ||    22
         Potion            |       |       |     4 |     1 ||     5
 Armour: Scale mail        |    18 |    13 |   145 |       ||   176
         Chain mail        |     7 |   133 |       |       ||   140
         Plate armour      |       |       |     9 |   170 ||   179
  Dodge: Dodged            |    35 |   115 |   143 |   100 ||   393
  Block: Buckler           |    18 |    48 |    70 |    92 ||   228

Table legend: (Time is in decaauts)
 A = Elapsed time spent in this place.
 B = Non-inter-level travel time spent in this place.
 C = Inter-level travel time spent in this place.
 D = Time resting spent in this place.
 E = Time spent auto-exploring this place.
 F = Levels seen in this place.
 G = Mean time per level.
                   A        B        C        D        E       F      G
               +--------+--------+--------+--------+--------+-----+--------+
         Total |  11365 |  11171 |    194 |   1952 |   6403 |  12 |  947.1 |
       Dungeon |  10854 |  10678 |    176 |   1934 |   6235 |  10 | 1085.4 |
        Temple |    182 |    164 |     18 |      0 |    147 |   1 |  182.0 |
         Sewer |    327 |    327 |      0 |     18 |     21 |   1 |  327.0 |
               +--------+--------+--------+--------+--------+-----+--------+

Top non-repeatable levels by time:
     D:9: 1829 daAuts
     D:8: 1430 daAuts
     D:5: 1415 daAuts
     D:6: 1119 daAuts
     D:7: 1104 daAuts
     D:1: 936 daAuts
     D:3: 934 daAuts
     D:4: 867 daAuts
     D:2: 782 daAuts
    D:10: 435 daAuts
   Sewer: 327 daAuts
  Temple: 182 daAuts
